 Dungeon Crawl Stone Soup version 0.30-a0-800-g7c544603b3 (webtiles) character file.

Game seed: 4560474452277366083

93 IdlyInterested the Cudgeller (level 4, -3/35 HPs)
             Began as a Demonspawn Fighter on Feb 21, 2023.
             Slain by Crazy Yiuf
             ... wielding a +3 quarterstaff of chaos
              (5 damage)
             ... on level 2 of the Dungeon.
             The game lasted 00:04:52 (1830 turns).

IdlyInterested the Cudgeller (Demonspawn Fighter)   Turns: 1830, Time: 00:04:53

Health: -3/35      AC: 12    Str: 18    XL:     4   Next: 37%
Magic:  4/4        EV:  9    Int: 12    God:
Gold:   76         SH:  4    Dex: 12    Spells: 3/3 levels left

rFire   . . .      SeeInvis .    a - +0 flail
rCold   . . .      Faith    .    c - +0 buckler
rNeg    . . .      Spirit   .    n - +3 scale mail
rPois   .          Reflect  .    e - +2 helmet
rElec   .          Harm     .    (no cloak)
rCorr   .          Rampage  .    (no gloves)
Will    .....                    (no boots) Stlth
                                 (no amulet)
HPRegen 0.25/turn                (no ring)
MPRegen 0.18/turn                (no ring)

@: no status effects
A: spiny 1, magic regeneration, big brain 1
a: no special abilities


You were on level 2 of the Dungeon.
You visited 1 branch of the dungeon, and saw 2 of its levels.

You collected 76 gold pieces.

Inventory:

Hand Weapons
 a - a +0 flail (weapon)
Missiles
 i - 14 stones (quivered)
Armour
 c - a +0 buckler (worn)
 e - a +2 helmet (worn)
 n - a +3 scale mail (worn)
Scrolls
 j - a scroll of amnesia
 m - a scroll of poison {unknown}
Potions
 d - a potion of might
 f - 2 potions of curing {unknown}
 g - a potion of cancellation
 h - 2 potions of brilliance
 k - a potion of magic
 l - a potion of mutation


   Skills:
 - Level 3.0 Fighting
 + Level 3.2 Maces & Flails
 - Level 1.0 Throwing
 - Level 3.0 Armour
 - Level 1.0 Dodging
 - Level 1.0 Stealth
 - Level 2.6 Shields
 - Level 1.0 Evocations


You had 3 spell levels left.
You didn't know any spells.
Your spell library contained the following spells:

 Spells                   Type           Power      Damage    Failure   Level
 Cigotuvi's Dreadful Rot  Necr/Pois/Air  0%         N/A       91%         2
 Dazzling Flash           Conj/Hex       0%         N/A       99%         3
 Summon Guardian Golem    Hex/Summ       0%         N/A       99%         3
 Summon Lightning Spire   Summ/Air       0%         N/A       100%        4
 Arcjolt                  Conj/Air       0%         1d10      100%        5


Dungeon Overview and Level Annotations

Branches:
Dungeon (2/15)

Altars:

Annotations:
D:2 Crazy Yiuf


Innate Abilities, Weirdness & Mutations

You are partially covered in sharp spines.
You regenerate magic rapidly.
You have an unusually large brain. (Int +2)


Message History

Found a whip.
You see here a +0 whip.
You open the door.
There is an open door here.
You see here a +0 short sword.
You open the door.
There is an open door here.
You see here a +0 club.
h - 2 potions of brilliance (gained 1)
You see here a +0 club.
There is an open door here.
You see here a +0 hammer.
You see here a +0 hammer.
Crazy Yiuf shouts!
As you open the door, it creaks loudly!
You sock Crazy Yiuf!
Crazy Yiuf is heavily wounded.
Crazy Yiuf hits you but does no damage.
You hit Crazy Yiuf but do no damage.
Crazy Yiuf is heavily wounded.
Crazy Yiuf barely misses you.
You barely miss Crazy Yiuf.
Crazy Yiuf is heavily wounded.
Crazy Yiuf screams, "Trifle!
Snoogle tortoise poople."
Crazy Yiuf is struck by your spines.
Crazy Yiuf hits you with a +3 quarterstaff of chaos! x2
Crazy Yiuf freezes you.
You barely miss Crazy Yiuf.
Crazy Yiuf is severely wounded.
Crazy Yiuf hits you with a +3 quarterstaff of chaos.
* * * LOW HITPOINT WARNING * * *
Crazy Yiuf freezes you.
* * * LOW HITPOINT WARNING * * *
You hit Crazy Yiuf.
Crazy Yiuf is severely wounded.
Crazy Yiuf says, "Ice hog high!"
Crazy Yiuf hits you with a +3 quarterstaff of chaos.
* * * LOW HITPOINT WARNING * * *
Space warps around you.
You die...

............# ############# ...#
##.# ##### #.# #..)# ### ######
#.# #...# #.# #....# #.# ... #.#
#....## #.# #g# #.###.....# ##.#
♣♣@♣ #.'.'.....# ##.# ♣.♣♣
#.###.....# ##.# ♣♣.♣ #.# #.....#
...# ♣.♣♣ #.# #.....# #### ♣♣.♣♣
### ##.#### # ##### ♣.).♣♣ #.# #
#<..# ♣)..)♣ #.# ###.# #....# #.#
##########.###))..#########.#####


You could see Crazy Yiuf.

Vanquished Creatures
  Terence (D:2)
  2 adders (D:2)
  A worm (D:2)
  A dart slug (D:1)
  4 ball pythons
  3 endoplasms (D:2)
  2 giant cockroaches
  4 goblins
  A hobgoblin (D:1)
  2 jackals (D:1)
  7 kobolds
  4 quokkas
  3 bats
  6 frilled lizards
  2 rats (D:1)
  A bush (D:1)
44 creatures vanquished.

Vanquished Creatures (others)
  6 plants (D:1)
6 creatures vanquished.

Grand Total: 50 creatures vanquished

Notes
Turn   | Place    | Note
-------+----------+-------------------------------------------
     0 | D:1      | IdlyInterested the Demonspawn Fighter began the quest for
                  | the Orb.
     0 | D:1      | Reached XP level 1. HP: 18/18 MP: 1/1
   228 | D:1      | Gained mutation: You regenerate magic rapidly. [demonic
                  | ancestry]
   228 | D:1      | Reached XP level 2. HP: 24/24 MP: 2/2
   364 | D:1      | Got the Parchment of the Atmospheric Whammy
   554 | D:1      | Reached skill level 1 in Dodging
   743 | D:1      | Gained mutation: You are partially covered in sharp spines.
                  | [demonic ancestry]
   743 | D:1      | Reached XP level 3. HP: 26/29 MP: 3/3
   977 | D:2      | Reached skill level 1 in Stealth
  1162 | D:2      | Reached skill level 1 in Throwing
  1172 | D:2      | Found a runed translucent door.
  1493 | D:2      | Noticed Terence
  1507 | D:2      | Killed Terence
  1508 | D:2      | Reached skill level 1 in Evocations
  1508 | D:2      | Gained mutation: You have an unusually large brain. (Int
                  | +2) [demonic ancestry]
  1508 | D:2      | Reached XP level 4. HP: 28/35 MP: 4/4
  1822 | D:2      | Noticed Crazy Yiuf
  1830 | D:2      | Slain by Crazy Yiuf

Illustrated notes

Levels and vault maps discovered:
D:1:      psy_arrival_radial02, layout_loops_ring, lexackson_kobold_supper
D:2:      layout_basic, uniq_terence, uniq_crazy_yiuf_cottage

Skill      XL: |  1  2  3 |
---------------+----------+-----
Maces & Flails | 2 3 |  3.2
Armour         | 3 |  3.0
Dodging        | 1 |  1.0
Stealth        | 1 |  1.0
Throwing       | 1 |  1.0
Evocations     | 1 |  1.0
Fighting       | |  3.0
Shields        | |  2.6

Action                     |  1- 3 |  4- 6 || total
---------------------------+-------+-------++-------
  Melee: Flail             |   145 |    12 ||   157
  Throw: Stone             |     9 |       ||     9
    Use: Scroll            |     5 |     1 ||     6
 Armour: Scale mail        |    40 |     3 ||    43
  Dodge: Dodged            |    42 |     2 ||    44
  Block: Buckler           |    17 |       ||    17

Table legend: (Time is in decaauts)
 A = Elapsed time spent in this place.
 B = Non-inter-level travel time spent in this place.
 C = Inter-level travel time spent in this place.
 D = Time resting spent in this place.
 E = Time spent auto-exploring this place.
 F = Levels seen in this place.
 G = Mean time per level.
                   A        B        C        D        E       F      G
               +--------+--------+--------+--------+--------+-----+--------+
         Total |   1882 |   1770 |    112 |     62 |   1220 |   2 |  941.0 |
       Dungeon |   1882 |   1770 |    112 |     62 |   1220 |   2 |  941.0 |
               +--------+--------+--------+--------+--------+-----+--------+

Top non-repeatable levels by time:
     D:1: 969 daAuts
     D:2: 913 daAuts
